 Dungeon Crawl Stone Soup version 0.28.0-53-g5a82cb258f (webtiles) character file.

Game seed: 10268221293409513687

74737 buhh the Martial Artist (level 15, -5/135 HPs)
             Began as an Octopode Transmuter on June 16, 2022.
             Was a Priest of Cheibriados.
             Slain by a naga warrior
             ... wielding a +0 halberd
              (12 damage)
             ... on level 1 of the Snake Pit.
             The game lasted 01:37:09 (35520 turns).

buhh the Martial Artist (Octopode Transmuter)      Turns: 35520, Time: 01:37:09

Health: -5/135     AC: 14    Str: 19      XL:     15   Next: 47%
Magic:  25/25      EV: 11    Int: 26 (29) God:    Cheibriados [***...]
Gold:   1682       SH:  5    Dex: 21      Spells: 20/28 levels left

rFire   x . .      SeeInvis +     - Unarmed
rCold   + + +      Faith    .   (shield currently unavailable)
rNeg    + . .      Spirit   .   (helmet currently unavailable)
rPois   +          Reflect  +   y - amulet of reflection
rElec   .          Harm     .   I - ring of poison resistance
rCorr   +          Rampage  .   n - ring of see invisible
Will    +....                   G - ring of resist corrosion
Stlth   ++........              b - ring of positive energy
HPRegen 0.32/turn               H - ring of flight
MPRegen 0.19/turn               (no ring)
                                (no ring)
                                (no ring)

@: mighty, ice-form (expiring), flying, constricted, studying Necromancy, very
slow
A: freezing attack, boosted hp, almost no armour, amphibious, 8 rings, large,
(camouflage 1), (gelatinous body 1), (nimble swimmer 1), (tentacles)
a: End Transformation, Renounce Religion, Bend Time, Temporal Distortion


You were on level 1 of the Snake Pit.
You worshipped Cheibriados.
Cheibriados was most pleased with you.
You were a creature of crystalline ice.
You visited 4 branches of the dungeon, and saw 23 of its levels.
You visited the Abyss 1 time.
You also visited: Ossuary.

You collected 4230 gold pieces.
You spent 2548 gold pieces at shops.

Inventory:

Hand Weapons
 a - the +6 whip "Conservator" {pain, Stlth+}
   (You found it on level 2 of the Dungeon)

   In the hands of one skilled in necromantic magic, it inflicts extra damage on
   living creatures.
   Stlth:     It makes you more stealthy.
 z - the +8 Vampire's Tooth {vamp}
   (You found it on level 9 of the Dungeon)

   It occasionally heals its wielder for the full amount of damage dealt when it
   wounds a living foe.
Missiles
 e - a curare-tipped dart
 m - 59 poisoned darts
 A - 14 boomerangs of dispersal
 L - 2 throwing nets {!f}
Armour
 q - a +0 buckler
Magical Staves
 d - a staff of cold (melded)
 E - a staff of air
Jewellery
 b - a ring of positive energy (on tentacle)
 n - a ring of see invisible (right front paw)
 y - an amulet of reflection (around neck)
 G - a ring of resist corrosion (on tentacle)
 H - a ring of flight (on tentacle)
 I - a ring of poison resistance (left front paw)
 K - an amulet of faith {!P}
Wands
 c - a wand of flame (8)
 j - a wand of polymorph (24)
 o - a wand of mindburst (5)
 r - a wand of charming (9)
 v - a wand of digging (5)
 D - a wand of acid (13)
Scrolls
 h - 3 scrolls of noise
 t - 6 scrolls of teleportation {!d}
 F - 2 scrolls of enchant weapon
 P - 2 scrolls of magic mapping {!r!d}
 Q - 4 scrolls of fog
 R - 4 scrolls of vulnerability
 T - 2 scrolls of immolation {!d}
 X - 3 scrolls of amnesia
 Z - 4 scrolls of enchant armour
Potions
 i - a potion of invisibility {unknown}
 k - 4 potions of flight
 l - 4 potions of lignification {!d}
 p - a potion of brilliance {unknown}
 s - a potion of cancellation {unknown}
 u - 12 potions of degeneration
 w - 2 potions of attraction {unknown}
 x - 2 potions of mutation {unknown}
 B - a potion of ambrosia {!q!d}
 J - 3 potions of magic {!q!d}
 N - 5 potions of curing {!q!d}
 O - 3 potions of haste {!q!d}
Miscellaneous
 S - a box of beasts


   Skills:
 - Level 14.0 Fighting
 - Level 7.0 Dodging
 - Level 1.0 Stealth
 - Level 14.0 Unarmed Combat
 - Level 7.0 Spellcasting
 - Level 0.1 Necromancy
 * Level 12.4 Transmutations
 - Level 8.0 Ice Magic
 - Level 8.0 Invocations
 - Level 3.0 Evocations


You had 20 spell levels left.
You knew the following spells:

 Your Spells              Type           Power      Damage    Failure   Level
b - Wereblood             Tmut           65%        N/A       1%          2
c - Ice Form              Ice/Tmut       58%        N/A       1%          4
p - Blink                 Tloc           18%        N/A       10%         2

Your spell library contained the following spells:

 Spells                   Type           Power      Damage    Failure   Level
 Beastly Appendage        Tmut           100%       N/A       1%          1
 Spider Form              Tmut/Pois      41%        N/A       1%          3
 Summon Ice Beast         Ice/Summ       29%        N/A       12%         4
 Alistair's Intoxication  Tmut/Pois      27%        N/A       14%         5
 Call Canine Familiar     Summ           9%         N/A       19%         3
 Dazzling Flash           Conj/Hex       18%        N/A       19%         3
 Gell's Gravitas          Tloc           9%         N/A       19%         3
 Lesser Beckoning         Tloc           9%         N/A       19%         3
 Portal Projectile        Hex/Tloc       18%        N/A       19%         3
 Teleport Other           Tloc           9%         N/A       19%         3
 Iskenderun's Mystic Bla  Conj/Tloc      9%         2d4       52%         4
 Leda's Liquefaction      Hex/Erth       4%         N/A       52%         4
 Eringya's Noxious Bog    Tmut/Pois      20%        N/A       58%         6
 Borgnjor's Vile Clutch   Necr/Erth      4%         N/A       86%         5
 Manifold Assault         Tloc           9%         N/A       86%         5
 Summon Forest            Summ/Tloc      4%         N/A       86%         5
 Summon Mana Viper        Hex/Summ       9%         N/A       86%         5
 Starburst                Conj/Fire      4%         6d4       100%        6
 Monstrous Menagerie      Summ           4%         N/A       100%        7
 Summon Hydra             Summ           4%         N/A       100%        7


Dungeon Overview and Level Annotations

Branches:
Dungeon (13/15)            Temple (0/1) D:6            Lair (6/6) D:11
  Swamp (0/4) Lair:4        Snake (2/4) Lair:3        Slime (0/5) Lair:5
    Orc (2/2) D:11            Elf (0/3) Orc:2        Vaults (0/5) D:13
Ossuary (visited)

Altars:
Ashenzari
Cheibriados
Dithmenos
Fedhas
Gozag
Makhleb
Qazlal
Vehumet
Xom
Zin
The Shining One
Beogh
Jiyva

Shops:
D:4 !   Orc:1 *[   Orc:2 ((:(

Annotations:
D:3 exclusion: ice beast
D:4 exclusion: steam dragon
D:7 3 runed translucent doors, exclusion: 3 doors, bnorton916's ghost, novice DEFE
D:9 4 runed translucent doors, exclusion: 4 doors, Maurice
D:12 Jorgrun
D:13 Nessos; Rupert
Lair:1 exclusion: oklob plant
Lair:2 exclusion: 2 oklob plants
Lair:3 exclusion: oklob plant
Lair:6 exclusion: door


Innate Abilities, Weirdness & Mutations

You are a creature of crystalline ice.
You have a powerful freezing melee attack.
Your maximum health is increased.
Your armour is entirely melded.
You are incapable of wielding weapons or throwing items.
You cannot wear most types of armour.
You are amphibious.
You can wear up to eight rings at the same time.
((Your skin changes colour to match your surroundings (Stealth+).))
((Your rubbery body absorbs attacks. (AC +1, EV +1)))
((You are camouflaged when in or above water. (Stealth+)))
((You have tentacles for arms and can constrict up to eight enemies at once.))


Message History

The naga warrior is heavily wounded.
Your transformation is almost over.
The naga warrior hits you with a +0 halberd!
The naga warrior constricts you.
You hit the naga warrior but do no damage.
The naga warrior is heavily wounded.
You feel sick.
The naga warrior hits you with a +0 halberd!!
* * * LOW HITPOINT WARNING * * *
The naga warrior constricts you.
* * * LOW HITPOINT WARNING * * *
Okay, then.
Really read
C - a scroll of fear {!r}?
As you read the scroll of fear {!r}, it crumbles to dust.
You assume a fearsome visage.
The naga warrior resists with almost no effort.
The naga warrior hits you with a +0 halberd!!
* * * LOW HITPOINT WARNING * * *
The naga warrior constricts you.
* * * LOW HITPOINT WARNING * * *
Okay, then.
Okay, then.
Really quaff
N - 6 potions of curing {!q!d}?
You feel better.
A black mamba comes into view.
The naga warrior spits poison at you.
The splash of poison hits you but does no damage.
You resist. The naga warrior constricts you.
You feel very mighty all of a sudden.
The naga warrior hits you with a +0 halberd.
* * * LOW HITPOINT WARNING * * *
The naga warrior constricts you.
* * * LOW HITPOINT WARNING * * *
The black mamba hisses angrily.
You punch the naga warrior! You freeze the naga warrior.
The naga warrior is severely wounded.
You punch the naga warrior! You freeze the naga warrior.
The naga warrior is almost dead.
The naga warrior hits you with a +0 halberd!
You die...

#### #...### .....#
.....# ### #.[.## #..
##### #...### #.. #...#
#...#.######..
..###...###...#..#.....>
......NY.............###
.###..:...#..........#
#....#...#........###
...S.............##.[..
...$.#...###............
##...###................
#.. #...##............
#.. #...#####......#..
#..#....#..


You could see a naga warrior and a black mamba.

Vanquished Creatures
  A dread lich (Abyss:2)
  A tentacled starspawn (Abyss:1)
  2 orc warlords (Orc:1)
  2 boulder beetles
  Erolcha (D:12)
  9 hydras
  A catoblepas (Lair:4)
  4 two-headed ogres
  5 death yaks
  A shock serpent (Snake:1)
  6 naga sharpshooters (Snake:1)
  2 orc high priests
  A thrashing horror (Abyss:1)
  Urug (Lair:4)
  A sun demon (Abyss:1)
  A fire crab (Lair:6)
  A sixfirhy (Abyss:1)
  2 wretched stars (Abyss:1)
  3 bog bodies (Lair:4)
  A deep elf pyromancer (D:9)
  2 mana vipers (Snake:1)
  4 orc knights
  6 orc sorcerers (Orc:2)
  2 cyclopes
  A worldbinder (Abyss:1)
  5 elephants (Lair:6)
  8 black mambas
  Joseph (D:9)
  13 cane toads
  2 torpor snails (Lair:4)
  A naga mage (Snake:1)
  A gargoyle (D:11)
  An unseen horror (D:12)
  3 rime drakes
  10 komodo dragons
  4 trolls
  A polar bear (Lair:6)
  12 blink frogs
  Prince Ribbit (D:7)
  A hornet (D:11)
  A raiju (Abyss:1)
  4 slime creatures (D:9)
  A spectral elephant (Lair:6)
  7 dream sheep
  A spriggan (Lair:5)
  4 wyverns
  4 shadows
  2 large abominations
  47 yaks
  2 wraiths
  A human (D:12)
  6 basilisks
  2 fire bats (Abyss:1)
  3 vampire mosquitoes (D:10)
  2 small abominations (Abyss:1)
  A death yak simulacrum (Lair:6)
  3 steam dragons
  A neqoxec (D:12)
  5 wargs
  A swamp worm (Lair:4)
  12 nagas
  14 water moccasins
  48 orc warriors
  A black bear (Lair:5)
  A swamp drake (D:11)
  A sky beast (D:6)
  A necrophage (D:8)
  4 ogres (Orc:1)
  30 wolves
  5 centaurs
  5 kobold brigands
  A phantom (D:5)
  4 elf zombies (Ossuary)
  A gnoll sergeant (D:11)
  12 bullfrogs
  2 scorpions
  3 howler monkeys (D:12)
  4 electric eels
  7 centaur zombies
  A jelly (D:7)
  3 human zombies (Ossuary)
  24 orc priests
  A hound (D:7)
  A gnoll shaman (D:9)
  A bullfrog skeleton (D:4)
  A centaur skeleton (D:6)
  An iguana (D:6)
  Natasha (thrice) (D:3)
  48 orc wizards
  5 hell rats (Lair:2)
  4 mummies
  16 gnolls
  2 adders
  A shadow imp (D:5)
  A white imp (Abyss:1)
  2 ufetubi
  An adder skeleton (D:4)
  A worm (D:2)
  100 orcs
  7 ball pythons
  9 bats
  4 endoplasms
  A giant cockroach (D:1)
  5 goblins
  6 hobgoblins
  5 jackals
  32 kobolds
  3 quokkas
  2 frilled lizards
  5 rats
675 creatures vanquished.

Vanquished Creatures (collateral kills)
  Frances (D:12)
1 creature vanquished.

Vanquished Creatures (others)
  A small abomination (Abyss:1)
  4 bushes (Lair:6)
  53 fungi
  81 plants
  2 starspawn tentacles (Abyss:1)
  34 withered plants (Lair:6)
175 creatures vanquished.

Grand Total: 851 creatures vanquished

Notes
Turn   | Place    | Note
-------+----------+-------------------------------------------
     0 | D:1      | buhh the Octopode Transmuter began the quest for the Orb.
     0 | D:1      | Reached XP level 1. HP: 13/13 MP: 3/3
   101 | D:1      | Found a faded altar of an unknown god.
   200 | D:1      | Reached XP level 2. HP: 18/18 MP: 3/5
   969 | D:1      | Reached XP level 3. HP: 22/24 MP: 4/6
  1241 | D:2      | Noticed a scorpion
  1406 | D:2      | Identified the +6 whip "Conservator" {pain, Stlth+}
  1488 | D:2      | Killed a scorpion
  1489 | D:2      | Reached XP level 4. HP: 20/31 MP: 5/7
  2027 | D:3      | Noticed Natasha
  2038 | D:3      | Killed Natasha
  2039 | D:3      | Reached XP level 5. HP: 24/36 MP: 8/8
  2043 | D:3      | Noticed Natasha
  2112 | D:3      | Noticed an ice beast
  2135 | D:3      | Killed Natasha
  2248 | D:3      | Learned a level 2 spell: Wereblood
  2779 | D:3      | Noticed Natasha
  2789 | D:3      | Killed Natasha
  2796 | D:3      | Reached XP level 6. HP: 33/43 MP: 7/9
  3453 | D:4      | Found Uref Dui's Distillery.
  3461 | D:4      | Bought a potion of curing for 36 gold pieces
  3461 | D:4      | Bought a potion of might for 48 gold pieces
  3461 | D:4      | Bought a potion of lignification for 36 gold pieces
  3829 | D:4      | Noticed a steam dragon
  3966 | D:4      | Found a stormy altar of Qazlal.
  4307 | D:5      | Entered Level 5 of the Dungeon
  5290 | D:6      | Reached XP level 7. HP: 23/48 MP: 10/10
  5953 | D:6      | Found a burning altar of Makhleb.
  6030 | D:7      | Found a snail-covered altar of Cheibriados.
  6032 | D:7      | Found a shadowy altar of Dithmenos.
  6036 | D:7      | Became a worshipper of Cheibriados the Contemplative
  6070 | D:7      | Noticed Prince Ribbit
  6236 | D:7      | Noticed a wyvern
  6303 | D:7      | Found a glowing silver altar of Zin.
  6330 | D:7      | Found a sand-covered staircase.
  6339 | D:7      | Reached XP level 8. HP: 54/54 MP: 11/11
  6341 | Ossuary  | Entered an ossuary
  6348 | Ossuary  | Learned a level 4 spell: Ice Form
  6498 | Ossuary  | Reached * piety under Cheibriados
  6955 | Ossuary  | Identified 3 scrolls of acquirement
  6955 | Ossuary  | Acquired 468 gold pieces
  6957 | Ossuary  | Acquired 1188 gold pieces
  6959 | Ossuary  | Acquired 572 gold pieces
  6984 | D:7      | Killed Prince Ribbit
  7145 | D:7      | You fall into a shaft and drop 3 floors!
  7145 | D:10     | Entered Level 10 of the Dungeon
  7162 | D:10     | Found a shimmering altar of Xom.
  7234 | D:10     | Noticed a two-headed ogre
  7257 | D:8      | Reached XP level 9. HP: 55/58 MP: 8/12
  7608 | D:8      | Found a broken altar of Ashenzari.
  7639 | D:8      | Found a radiant altar of Vehumet.
  7779 | D:8      | Reached ** piety under Cheibriados
  8462 | D:7      | Found a runed translucent gate.
  8463 | D:7      | Found a runed translucent gate.
  8464 | D:7      | Noticed bnorton916's ghost (novice DEFE)
  8464 | D:7      | Identified the +0 chain mail of the Endless Expanse {Str+5
                  | Dex-5}
  8465 | D:7      | Found a runed translucent gate.
  8648 | D:6      | Found a glowing golden altar of the Shining One.
  9112 | D:6      | Found a staircase to the Ecumenical Temple.
  9283 | D:9      | Found a large runed translucent door.
  9283 | D:9      | Noticed a four-headed hydra
  9320 | D:9      | Found a large runed translucent door.
  9320 | D:9      | Noticed Maurice
  9321 | D:9      | Noticed a deep elf pyromancer
  9324 | D:9      | Found a large runed translucent door.
  9324 | D:9      | Found a large runed translucent door.
  9367 | D:9      | Noticed Joseph
  9391 | D:9      | Killed Joseph
  9819 | D:9      | Reached *** piety under Cheibriados
  9827 | D:9      | Reached XP level 10. HP: 56/66 MP: 7/13
 11444 | D:9      | Noticed a deep elf pyromancer
 11445 | D:9      | Found the +8 Vampire's Tooth {vamp}
 11447 | D:9      | Killed a deep elf pyromancer
 11670 | D:9      | Found an opulent altar of Gozag.
 11736 | D:10     | Killed a two-headed ogre
 12092 | D:10     | Reached **** piety under Cheibriados
 12283 | D:10     | Reached XP level 11. HP: 75/75 MP: 9/14
 13406 | D:11     | Noticed a two-headed ogre
 13419 | D:11     | Killed a two-headed ogre
 13944 | D:11     | Found a staircase to the Orcish Mines.
 13980 | D:11     | Reached ***** piety under Cheibriados
 14285 | D:11     | Noticed a four-headed hydra
 14291 | D:11     | Noticed a boulder beetle
 14294 | D:11     | Killed a four-headed hydra
 14324 | D:11     | Killed a boulder beetle
 14783 | D:11     | Learned a level 2 spell: Blink
 15046 | D:11     | Found a staircase to the Lair.
 15150 | Lair:1   | Entered Level 1 of the Lair of Beasts
 15161 | D:11     | Reached skill level 11 in Unarmed Combat
 15558 | D:12     | Noticed Frances
 16028 | Lair:1   | Noticed an oklob plant
 16030 | Lair:1   | Reached XP level 12. HP: 84/84 MP: 10/15
 16215 | Lair:1   | Reached skill level 11 in Transmutations
 16600 | Lair:1   | Noticed a seven-headed hydra
 16665 | Lair:1   | Identified the +5 rapier of Plague {venom, rC- Str+3 Int+3}
 16834 | Lair:1   | Killed a seven-headed hydra
 18041 | Lair:2   | Found a blossoming altar of Fedhas.
 18465 | Lair:3   | Reached ****** piety under Cheibriados
 18793 | Lair:3   | Found a staircase to the Snake Pit.
 18926 | Lair:3   | Noticed a five-headed hydra
 18935 | Lair:3   | Killed a five-headed hydra
 19904 | Lair:4   | Noticed an eight-headed hydra
 19912 | Lair:4   | Reached XP level 13. HP: 90/90 MP: 15/19
 21104 | Lair:4   | Noticed Urug
 21379 | Lair:4   | Found a staircase to the Swamp.
 21849 | Lair:4   | Killed Urug
 22643 | Lair:5   | Reached skill level 11 in Fighting
 22818 | Lair:5   | Found a staircase to the Slime Pits.
 22818 | Lair:5   | Found a viscous altar of Jiyva.
 23734 | Lair:6   | Entered Level 6 of the Lair of Beasts
 23909 | Lair:6   | Noticed a dire elephant
 23909 | Lair:6   | Noticed a dire elephant
 23910 | Lair:6   | Noticed a dire elephant
 23910 | Lair:6   | Noticed a dire elephant
 24037 | Lair:6   | Reached XP level 14. HP: 101/101 MP: 24/24
 26501 | D:12     | Noticed Erolcha
 26515 | D:12     | Noticed Jorgrun
 26621 | Orc:1    | Entered Level 1 of the Orcish Mines
 26624 | Orc:1    | Noticed an orc warlord
 26636 | Orc:1    | Killed an orc warlord
 26658 | Orc:1    | Noticed an orc warlord
 26782 | Orc:1    | Killed an orc warlord
 27305 | Orc:2    | Entered Level 2 of the Orcish Mines
 28176 | Orc:2    | Found a staircase to the Elven Halls.
 28221 | Orc:2    | Reached XP level 15. HP: 111/111 MP: 21/25
 28955 | Orc:2    | Found Ecuok's Antique Weapon Shop.
 28955 | Orc:2    | Found Ruufynaigh's Weapon Boutique.
 28956 | Orc:2    | Found Vipocir's Book Boutique.
 28960 | Orc:2    | Found Laostra Kosko's Weapon Shop.
 28968 | Orc:2    | Bought a manual of Necromancy for 880 gold pieces
 29133 | Orc:1    | Found Feodasass's Antique Armour Boutique.
 29147 | Orc:1    | Found Kuetaroca's Gadget Gallery.
 29394 | Orc:1    | Bought a wand of acid (3) for 196 gold pieces
 29394 | Orc:1    | Bought a wand of acid (5) for 252 gold pieces
 29394 | Orc:1    | Bought a wand of digging (5) for 252 gold pieces
 29394 | Orc:1    | Bought a box of beasts for 560 gold pieces
 29468 | D:12     | Found the +15 Maxwell's patent armour {-Cast -Tele rElec
                  | Will+ rCorr}
 29474 | D:12     | Killed Frances
 30121 | D:12     | Cast into level 1 of the Abyss (Erolcha)
 31559 | Abyss:1  | Noticed a tentacled starspawn
 31573 | Abyss:1  | Killed a tentacled starspawn
 32005 | Abyss:1  | Noticed a deep elf sorcerer
 32600 | Abyss:2  | Noticed a dread lich
 32604 | Abyss:2  | Noticed an Ice Fiend
 32613 | Abyss:2  | Noticed a Hell Sentinel
 32615 | Abyss:2  | Noticed a Hell Sentinel
 32619 | Abyss:2  | Killed a dread lich
 32622 | D:12     | Escaped the Abyss
 32627 | D:12     | Killed Erolcha
 32910 | D:13     | Noticed Rupert
 32910 | D:13     | Noticed Nessos
 32910 | D:13     | Found a gate to the Vaults.
 33120 | Snake:1  | Entered Level 1 of the Snake Pit
 33478 | D:7      | Identified the +0 scale mail of Powerful Joy {*Slow Will+
                  | Int+3 SInv}
 33519 | D:4      | Bought a potion of curing for 36 gold pieces
 33519 | D:4      | Bought a potion of curing for 36 gold pieces
 33519 | D:4      | Bought 2 potions of curing for 72 gold pieces
 33519 | D:4      | Bought a potion of might for 48 gold pieces
 33519 | D:4      | Bought a potion of ambrosia for 96 gold pieces
 33793 | Snake:1  | Identified the +2 cloak "Tamoyfeq" {rC+ Slay+3 Stlth+}
 35520 | Snake:1  | Slain by a naga warrior

Illustrated notes

Levels and vault maps discovered:
D:1:      dpeg_arrival_stonehenge_8_columns, layout_basic,
          chequers_ecumenical_altar_simple_redux, minmay_hedge_maze
D:2:      layout_basic, kennysheep_cross_bottleneck
D:3:      layout_rooms, item_on_display_a, uniq_natasha
D:4:      layout_cave_pods, grunt_qazlal_sundering, serial_shops,
          nicolae_shop_crystal
D:5:      layout_basic, abandoned_shop
D:6:      layout_loops_ring, mainiacjoe_overflow_24_doors,
          general_overflow_altar, temple_hall
D:7:      layout_loops_ring, zin_academy, grunt_temple_overflow_open,
          gup_ossuary_entry_pyramid, biasface_ghost_orc_armoury,
          dk_noncrumbling_3, uniq_prince_ribbit1
D:8:      layout_rooms, mainiacjoe_overflow_small_starburst, old_standard_altar,
          patterned_corridor
D:9:      layout_roguey, kennysheep_mini, minmay_hollow_rounded_squares,
          uniq_maurice, uniq_joseph
D:10:     layout_grid_maze, kennysheep_flooded_box, minmay_misc_feat_doors,
          minmay_unpleasant_kobolds
D:11:     layout_big_octagon, erik_lair_dragon, erik_orc_1,
          serial_co_window_serial, co_window_of_opportunity_a,
          co_window_corner_a, co_window_paths_b, co_window_paths_a,
          co_window_paths_a, co_window_of_opportunity_c, co_window_broadway_a,
          co_window_paths_c, co_window_corner_b, co_window_broadway_a,
          co_window_of_opportunity_b, co_window_4corner_a, glass_columns_a,
          glass_columns_a, glass_columns_a
D:12:     layout_rooms, dreamdust_deal_with_the_devil, uniq_frances,
          uniq_nergalle, uniq_erolcha, uniq_jorgrun
D:13:     minmay_recursive_quarters, layout_cave_pods, david_vaults_3
Lair:1:   minmay_lair_oklob_tunnel, layout_regular_city,
          infiniplex_staircase_pool_2
Lair:2:   hellmonk_destroyed_diamonds, layout_gridlike, hangedman_tree_tricks,
          serial_bayou_ford_a, st_stairs_11
Lair:3:   layout_gridlike, minmay_snake_entry_guardpost_medium,
          serial_bayou_pond_c, grunt_megastairs_1, serial_bayou_shore_a
Lair:4:   layout_hall_layers, nicolae_swamp_entry_splash_gauntlet, uniq_urug
Lair:5:   layout_loops_ring, slime_altar_1, grunt_forest_large_clearing_hut
Lair:6:   due_jungle_book, layout_long_grid
Snake:1:  layout_misc_corridors, ebering_ghost_reflecting_pool
Snake:2:  layout_misc_corridors, nicolae_large_snake_swirl
Orc:1:    layout_caves, basic_altar, serial_shops, shop, nicolae_shop_gadgets
Orc:2:    st_orc_mages, layout_caves

Skill      XL: |  1  2  3  4  5  6  7  8  9 10 11 12 13 14 15 |
---------------+----------------------------------------------+-----
Stealth        | 1 |  1.0
Fighting       | 2 3 4 5 7 8 9 11 13 14 | 14.0
Unarmed Combat | 4 5 6 9 11 12 13 14 | 14.0
Ice Magic      | 2 4 6 7 8 |  8.0
Transmutations | 3 4 6 8 10 11 12 | 12.4
Invocations    | 8 |  8.0
Spellcasting   | 4 7 |  7.0
Dodging        | 7 |  7.0
Evocations     | 3 |  3.0
Necromancy     | |  0.1

Action                   |  1- 3 |  4- 6 |  7- 9 | 10-12 | 13-15 || total
-------------------------+-------+-------+-------+-------+-------++-------
Melee: Unarmed           |    52 |       |   193 |   406 |   731 ||  1382
       Constrict         |    17 |    29 |    15 |     2 |       ||    63
       Kick              |    13 |    11 |    25 |       |       ||    49
       Tentacles         |     9 |    11 |    26 |     3 |       ||    49
       Whip              |     9 |   107 |    39 |     7 |       ||   162
       Punch             |       |     6 |     5 |     1 |       ||    12
 Cast: Beastly Appendage |    22 |    22 |     7 |       |       ||    51
       Wereblood         |       |     1 |     7 |     2 |     6 ||    16
       Ice Form          |       |       |    24 |    74 |   104 ||   202
Invok: Slouch            |       |       |       |       |    23 ||    23
Evoke: Wand              |       |       |       |    21 |     9 ||    30
  Use: Scroll            |     2 |       |    12 |     8 |    15 ||    37
       Potion            |       |     3 |     4 |       |    14 ||    21
 Stab: Sleeping          |     9 |     9 |     3 |     6 |     1 ||    28
       Distracted        |       |     1 |       |       |     1 ||     2
Armor: Skin              |     4 |     2 |    57 |   117 |   224 ||   404
Dodge: Dodged            |    47 |    74 |   113 |   179 |   396 ||   809
Block: Other             |       |       |       |    82 |   155 ||   237
       Reflection        |       |       |       |     2 |    12 ||    14
